 Dungeon Crawl Stone Soup version 0.26-b1-32-g5d43845318 (webtiles) character file.

Game seed: 6215148414336618917

45690 Cheops the Geomancer (level 13, -2/86 HPs)
             Began as a Demigod Earth Elementalist on Jan 4, 2021.
             Slain by a death yak (17 damage)
             ... on level 6 of the Lair of Beasts on Jan 5, 2021.
             The game lasted 02:23:44 (26321 turns).

Cheops the Geomancer (Demigod Earth Elementalist)  Turns: 26321, Time: 02:23:44

Health: -2/86      AC: 14    Str:  7    XL:     13   Next: 63%
Magic:  22/29      EV: 14    Int: 32    God:
Gold:   1053       SH:  8    Dex: 16    Spells: 0/28 levels left

rFire    . . .     SeeInvis .   a - +3 trident of the End of Times {freeze, +Inv rN+++ Str-4 Int+2}
rCold    + + .     Faith    .   n - +3 buckler
rNeg     + + +     Spirit   .   f - +3 steam dragon scales "Zeigrar" {rElec rN+ Regen+}
rPois    .         Reflect  .   N - +1 helmet
rElec    +         Harm     .   M - +2 cloak {rCorr}
rCorr    +         Rampage  .   O - +0 pair of gloves
Will     ++...                  (no boots)
Stlth    ++........             (no amulet)
HPRegen  0.64/turn              x - ring "Voav" {*Slow rElec rC++ rCorr Int+3}
MPRegen  0.21/turn              G - ring of willpower

@: about to teleport
A: high mp 1
a: Evoke Invisibility


You were on level 6 of the Lair of Beasts.
You visited 2 branches of the dungeon, and saw 19 of its levels.
You also visited: Sewer and Bailey.

You collected 1565 gold pieces.
You spent 512 gold pieces at shops.

Inventory:

Hand Weapons
 a - the +3 trident of the End of Times (weapon) {freeze, +Inv rN+++ Str-4 Int+2}
   (You found it on level 11 of the Dungeon)

   It has been specially enchanted to freeze those struck by it, causing extra
   injury to most foes and up to half again as much damage against particularly
   susceptible opponents.
   It can also slow down cold-blooded creatures.
   It affects your strength (-4).
   It affects your intelligence (+2).
   It renders you almost immune to negative energy.
   It lets you turn invisible.
 b - a +3 flail of protection
 c - the +6 short sword of Frustration {pain, *Noise rC+ Str+2 SInv}
   (You found it on level 5 of the Lair of Beasts)

   In the hands of one skilled in necromantic magic, it inflicts extra damage on
   living creatures.
   It affects your strength (+2).
   It protects you from cold.
   It lets you see invisible.
   It may make noises in combat.
Missiles
 t - 132 stones (quivered)
Armour
 f - the +3 steam dragon scales "Zeigrar" (worn) {rElec rN+ Regen+}
   (You took it off an orc knight in a bailey)

   It insulates you from electricity.
   It protects you from negative energy.
   It increases your rate of regeneration.
 n - a +3 buckler (worn)
 y - the +18 shield of the Gong {rElec rN+ Will+ EV-5}
   (You found it in a bailey)

   It affects your evasion (-5).
   It insulates you from electricity.
   It protects you from negative energy.
   It affects your willpower, your defense against some magical effects.
 D - a +2 robe of willpower
 M - a +2 cloak of preservation (worn)
 N - a +1 helmet (worn)
 O - a +0 pair of gloves (worn)
Magical Staves
 d - an uncursed staff of death
 e - an uncursed staff of fire
Jewellery
 v - an uncursed ring of flight
 x - the ring "Voav" (left hand) {*Slow rElec rC++ rCorr Int+3}
   (You found it on level 4 of the Dungeon)

   [ring of resist corrosion]

   It affects your intelligence (+3).
   It greatly protects you from cold.
   It insulates you from electricity.
   It provides partial protection from all sources of acid and corrosion.
   It may slow you when you take damage.
 G - a ring of willpower (right hand)
 T - an uncursed ring of fire
 W - an uncursed ring of protection from fire
Wands
 s - a wand of flame (32)
 B - a wand of iceblast (11)
 H - a wand of paralysis (12)
 U - a wand of acid (10)
 X - a wand of polymorph (10)
Scrolls
 g - 2 scrolls of enchant armour
 i - 3 scrolls of amnesia
 j - 6 scrolls of teleportation
 l - 4 scrolls of remove curse
 o - 4 scrolls of enchant weapon
 u - 5 scrolls of identify
 F - 4 scrolls of fog
 Q - 6 scrolls of immolation
 V - 4 scrolls of magic mapping
Potions
 h - 6 potions of heal wounds
 k - 4 potions of lignification
 m - 8 potions of curing
 p - a potion of ambrosia
 r - 2 potions of attraction
 w - 2 potions of brilliance
 z - 3 potions of flight
 A - 3 potions of mutation
 E - a potion of might
 I - 3 potions of haste
 J - 3 potions of cancellation
 L - 2 potions of resistance
 P - a potion of magic
 S - a potion of berserk rage
Miscellaneous
 q - a condenser vane
 C - a lightning rod (4/4)
 K - a tin of tremorstones (2/2)


   Skills:
 - Level 0.1 Fighting
 - Level 8.4 Maces & Flails
 - Level 4.3 Dodging
 - Level 1.7 Stealth
 - Level 4.0 Shields
 - Level 8.0 Spellcasting
 + Level 5.7 Conjurations
 - Level 4.4 Hexes
 - Level 2.5 Necromancy
 - Level 9.0 Transmutations
 - Level 13.4 Earth Magic
 - Level 4.0 Evocations


You couldn't memorise any spells.
You knew the following spells:

 Your Spells              Type           Power        Failure   Level
a - Sandblast             Erth           100%         0%          1
b - Stone Arrow           Conj/Erth      100%         1%          3
c - Iron Shot             Conj/Erth      32%          11%         6
d - Lee's Rapid Deconstr  Erth           39%          1%          5
p - Petrify               Tmut/Erth      71%          1%          4
v - Vampiric Draining     Necr           14%          4%          3
C - Corona                Hex            45%          1%          1
D - Tukima's Dance        Hex            41%          1%          3
P - Passwall              Tmut/Erth      59%          1%          2

Your spell library contained the following spells:

 Spells                   Type           Power        Failure   Level
 Animate Skeleton         Necr           58%          1%          1
 Pain                     Necr           100%         1%          1
 Confusing Touch          Hex            41%          1%          3
 Dazzling Flash           Conj/Hex       90%          1%          3
 Leda's Liquefaction      Hex/Erth       31%          1%          4
 Ensorcelled Hibernation  Hex/Ice        54%          2%          2
 Statue Form              Tmut/Erth      47%          5%          6
 Ice Form                 Ice/Tmut       41%          6%          4
 Bolt of Magma            Conj/Fire/Erth 26%          8%          5
 Animate Dead             Necr           14%          13%         4
 Agony                    Necr           29%          36%         5
 Metabolic Englaciation   Hex/Ice        13%          38%         5
 Freezing Cloud           Conj/Ice/Air   12%          95%         6
 Simulacrum               Ice/Necr       10%          98%         6
 Ozocubu's Refrigeration  Ice            6%           99%         6
 Shatter                  Erth           39%          100%        9


Dungeon Overview and Level Annotations

Branches:
Dungeon (13/15)            Temple (0/1) D:6            Lair (6/6) D:11
  Swamp (0/4) Lair:4       Spider (0/4) Lair:3        Slime (0/5) Lair:5
    Orc (0/2) D:10          Sewer (visited)          Bailey (visited)
 Vaults: D:13-14

Shops:
D:9 !   D:10 !   D:11 ?

Annotations:
Lair:4 3 runed translucent doors, Juirae's ghost, journeyman TrMo


Innate Abilities, Weirdness & Mutations

You have an increased reservoir of magic. (+10% MP)


Message History

As you read the scroll of fear, it crumbles to dust.
You assume a fearsome visage.
The death yak resists with some effort.
The death yak resists with almost no effort.
The death yak looks frightened!
The death yak resists with almost no effort.
The death yak looks frightened! x2; The death yak easily resists.
The death yak barely misses you. The death yak gores you!!
* * * LOW HITPOINT WARNING * * *
Okay, then.
Unknown command.
Casting: Stone Arrow (safe; 1% risk of failure)
Confirm with . or Enter, or press ? or * to list all spells.
Okay, then.
As you read the scroll of teleportation, it crumbles to dust.
You feel strangely unstable. You block the death yak's attack.
The death yak closely misses you. x2
You feel much better. The death yak gores you!!
* * * LOW HITPOINT WARNING * * *
The death yak gores you!
You die...

........................#.....
...............................
.P.............................
PP...#.........................
.......#..............Y...#....
......P....#.#..#.............#
.♣♣...P..........#...#..#....#
.≈≈..............Y#..........#
≈...≈......Y...Y@Y.#..#....###
≈.≈.≈.♣..<.....Y##..#.Y.##..##
≈.≈≈.≈≈..........#..#........#
≈≈≈.≈....÷.Y.................#
.≈.≈≈≈.≈♣....................#
≈.≈≈...≈.........#..##......##
≈≈.≈≈≈≈.♣.....#.....#.......#
..≈....≈......##..........###
.≈..≈≈≈.......#.....P.....#.#####


You could see 7 death yaks.

Vanquished Creatures
  9 hydras
  A centaur warrior (D:13)
  A death yak (Lair:6)
  2 two-headed ogres
  Urug (D:10)
  Sonja (D:11)
  Nergalle (D:10)
  A fire crab (Lair:6)
  An unseen horror (D:11)
  3 orc knights (Bailey)
  An orb spider (Lair:3)
  12 elephants
  A manticore (D:11)
  A centaur zombie (D:10)
  Maurice (D:9)
  5 black mambas
  7 cane toads
  A gargoyle (D:11)
  4 rime drakes
  18 komodo dragons
  A troll (D:10)
  Prince Ribbit (D:5)
  14 dream sheep
  3 polar bears
  A tyrant leech (Lair:4)
  Sigmund (D:6)
  Eustachio (D:4)
  2 wraiths
  24 yaks
  3 wyverns
  Menkaure (D:4)
  6 basilisks
  Edmund (D:4)
  A steam dragon (D:11)
  2 swamp worms (Lair:4)
  An acid dragon (D:11)
  15 water moccasins
  4 orc warriors
  4 sky beasts
  9 ogres
  2 black bears (D:10)
  4 ice beasts
  3 wolves (Lair:3)
  A necrophage (D:8)
  4 centaurs
  2 big kobolds (D:8)
  Blork the orc (D:5)
  12 bullfrogs
  A water moccasin zombie (D:11)
  A wyvern zombie (D:6)
  A wyvern skeleton (D:12)
  4 scorpions
  7 killer bees (D:11)
  5 wights (D:11)
  10 howler monkeys
  8 electric eels
  3 bullfrog skeletons
  4 orc priests
  3 hounds
  2 jellies
  2 centaur skeletons
  7 iguanas
  Terence (D:3)
  3 orc wizards
  4 hell rats (Lair:2)
  10 worker ants
  4 hound zombies
  A howler monkey zombie (D:5)
  3 worker ant zombies
  7 gnolls
  13 adders
  7 river rats (Lair:2)
  3 shadow imps
  3 white imps
  2 oozes
  4 adder skeletons
  An adder zombie (D:5)
  5 worms
  2 dart slugs (D:1)
  7 leopard geckos
  43 orcs
  3 ball pythons
  15 bats
  12 giant cockroaches
  10 goblins
  8 hobgoblins
  11 jackals
  12 kobolds
  7 quokkas
  10 frilled lizards
  2 quokka skeletons
  A quokka zombie (D:7)
  10 rats
478 creatures vanquished.

Vanquished Creatures (others)
  34 fungi
  71 plants
105 creatures vanquished.

Grand Total: 583 creatures vanquished

Notes
Turn   | Place    | Note
-------+----------+-------------------------------------------
     0 | D:1      | Cheops the Demigod Earth Elementalist began the quest for
                  | the Orb.
     0 | D:1      | Reached XP level 1. HP: 14/14 MP: 5/5
   151 | D:1      | Reached skill level 3 in Earth Magic
   174 | D:1      | Reached XP level 2. HP: 20/20 MP: 0/7
   838 | D:1      | Reached XP level 3. HP: 24/26 MP: 6/8
   842 | D:1      | Reached skill level 4 in Earth Magic
   996 | D:1      | Learned a level 3 spell: Stone Arrow
  1146 | D:2      | Noticed an ogre
  1156 | D:2      | Killed an ogre
  1157 | D:2      | Reached skill level 5 in Earth Magic
  1157 | D:2      | Reached XP level 4. HP: 33/33 MP: 3/9
  1440 | D:2      | Reached XP level 5. HP: 38/38 MP: 8/10
  1511 | D:2      | Found a stormy altar of Qazlal.
  2132 | D:3      | Noticed Terence
  2149 | D:3      | Killed Terence
  2153 | D:3      | Reached skill level 6 in Earth Magic
  2218 | D:3      | Reached XP level 6. HP: 42/45 MP: 0/11
  2540 | D:3      | HP: 16/45 [orc/+0 club (4)]
  2548 | D:3      | HP: 8/45 [orc/+0 hand axe (6)]
  3124 | D:4      | Learned a level 5 spell: Lee's Rapid Deconstruction
  3362 | D:4      | Noticed Menkaure
  3365 | D:4      | Killed Menkaure
  3366 | D:4      | Reached skill level 7 in Earth Magic
  3366 | D:4      | Reached XP level 7. HP: 50/50 MP: 9/15
  3369 | D:4      | Learned a level 2 spell: Passwall
  3456 | D:4      | Noticed Edmund
  3467 | D:4      | Killed Edmund
  3669 | D:4      | Noticed Eustachio
  3681 | D:4      | Killed Eustachio
  3853 | D:4      | Reached skill level 5 in Spellcasting
  3942 | D:4      | Got a transparent iron ring
  4041 | D:4      | Identified the ring "Voav" {*Slow rElec rC++ rCorr Int+3}
                  | (You found it on level 4 of the Dungeon)
  4062 | D:5      | Entered Level 5 of the Dungeon
  4223 | D:5      | Reached XP level 8. HP: 56/57 MP: 7/20
  4302 | D:5      | Noticed Blork the orc
  4310 | D:5      | Killed Blork the orc
  4406 | D:5      | Learned a level 4 spell: Petrify
  5270 | D:5      | Noticed Prince Ribbit
  5277 | D:5      | HP: 22/57 [Prince Ribbit (14)]
  5278 | D:5      | Killed Prince Ribbit
  5620 | D:6      | Learned a level 1 spell: Corona
  5625 | D:6      | Learned a level 2 spell: Ensorcelled Hibernation
  5626 | D:6      | Found a glowing drain.
  5650 | D:6      | Reached skill level 8 in Earth Magic
  5793 | Sewer    | Entered a sewer
  6405 | D:6      | Found a staircase to the Ecumenical Temple.
  6454 | D:6      | Reached skill level 9 in Earth Magic
  6492 | D:6      | Noticed Sigmund
  6505 | D:6      | Killed Sigmund
  6506 | D:6      | Reached XP level 9. HP: 60/62 MP: 15/23
  6724 | D:6      | Reached skill level 1 in Hexes
  7612 | D:7      | Found a blossoming altar of Fedhas.
  8275 | D:7      | Reached skill level 10 in Earth Magic
  9161 | D:8      | Found an opulent altar of Gozag.
  9289 | D:8      | Found a hazy altar of Hepliaklqana.
  9411 | D:9      | Noticed a two-headed ogre
  9416 | D:9      | Killed a two-headed ogre
  9747 | D:9      | Reached XP level 10. HP: 69/69 MP: 17/24
  9878 | D:9      | Found Mifrul's Distillery.
  9909 | D:9      | Bought a potion of haste for 130 gold pieces
  9909 | D:9      | Bought a potion of cancellation for 104 gold pieces
  9909 | D:9      | Bought a potion of resistance for 130 gold pieces
 10241 | D:9      | Noticed Maurice
 10255 | D:9      | Killed Maurice
 10256 | D:9      | Reached skill level 1 in Evocations
 10313 | D:9      | Got a masterwork ring mail
 10324 | D:9      | Identified the +1 ring mail of Ru's Scorn {rN+} (You found
                  | it on level 9 of the Dungeon)
 10674 | D:10     | Entered Level 10 of the Dungeon
 10674 | D:10     | Noticed Nergalle
 10682 | D:10     | Killed Nergalle
 10929 | D:10     | Reached skill level 1 in Maces & Flails
 10992 | D:10     | Found a flagged portal.
 11002 | Bailey   | Entered a bailey
 11118 | Bailey   | Noticed an orc knight
 11228 | Bailey   | Noticed an orc knight
 11461 | Bailey   | HP: 14/69 [orc knight/+0 halberd (25)]
 11477 | Bailey   | HP: 14/69 [orc knight/+0 halberd (3)]
 11518 | Bailey   | Killed an orc knight
 11757 | Bailey   | Identified the +3 steam dragon scales "Zeigrar" {rElec rN+
                  | Regen+}
 11757 | Bailey   | Noticed an orc knight
 11766 | Bailey   | Killed an orc knight
 11788 | Bailey   | Learned a level 3 spell: Tukima's Dance
 12082 | Bailey   | Killed an orc knight
 12083 | Bailey   | Reached skill level 5 in Maces & Flails
 12091 | Bailey   | Found the +18 shield of the Gong {rElec rN+ Will+ EV-5}
 12373 | D:10     | Found Zatsedwa's Distillery.
 12379 | D:10     | Bought a potion of mutation for 112 gold pieces
 12600 | D:10     | Found a staircase to the Orcish Mines.
 12660 | D:10     | Noticed Urug
 12667 | D:10     | Killed Urug
 13501 | D:11     | Noticed a four-headed hydra
 13510 | D:11     | Killed a four-headed hydra
 13511 | D:11     | Reached XP level 11. HP: 74/74 MP: 4/25
 13745 | D:11     | Noticed Sonja
 13750 | D:11     | Killed Sonja
 13963 | D:11     | You fall into a shaft and drop 2 floors!
 14026 | D:13     | Noticed a centaur warrior
 14036 | D:13     | Killed a centaur warrior
 14131 | D:13     | Noticed a boulder beetle
 14216 | D:13     | Noticed a two-headed ogre
 14226 | D:13     | Killed a two-headed ogre
 14227 | D:13     | Reached skill level 11 in Earth Magic
 14365 | D:13     | Noticed a boulder beetle
 14580 | D:12     | Noticed a two-headed ogre
 14865 | D:11     | Got a blackened trident
 14866 | D:11     | Identified the +3 trident of the End of Times {freeze, +Inv
                  | rN+++ Str-4 Int+2} (You found it on level 11 of the
                  | Dungeon)
 15446 | D:11     | Found Lofeffekh's Magic Scroll Shop.
 15455 | D:11     | Bought a scroll of identify for 24 gold pieces
 15458 | D:11     | Bought a scroll of random uselessness for 12 gold pieces
 15615 | D:11     | Noticed an unseen horror
 15620 | D:11     | Killed an unseen horror
 15621 | D:11     | Reached skill level 12 in Earth Magic
 16186 | D:11     | Found a staircase to the Lair.
 16869 | Lair:1   | Entered Level 1 of the Lair of Beasts
 17125 | Lair:1   | Found a radiant altar of Vehumet.
 18248 | Lair:1   | Got a jewelled halberd
 18249 | Lair:1   | Identified the +8 halberd of the Shouting Lamprey {holy,
                  | Int+2} (You found it on level 1 of the Lair of Beasts)
 18290 | Lair:2   | Noticed an eight-headed hydra
 18472 | Lair:2   | Reached skill level 13 in Earth Magic
 18472 | Lair:2   | Reached XP level 12. HP: 71/81 MP: 17/26
 19361 | Lair:2   | Reached skill level 1 in Conjurations
 20030 | Lair:3   | Found a hole to the Spider Nest.
 20500 | Lair:3   | Noticed a five-headed hydra
 20505 | Lair:3   | Reached skill level 5 in Conjurations
 20878 | Lair:3   | Killed a five-headed hydra
 21359 | Lair:4   | Noticed a six-headed hydra
 21363 | Lair:4   | Killed a six-headed hydra
 21558 | Lair:4   | Noticed a four-headed hydra
 21558 | Lair:4   | Noticed a six-headed hydra
 21579 | Lair:4   | Killed a four-headed hydra
 21984 | Lair:4   | Noticed Juirae's ghost (journeyman TrMo)
 21984 | Lair:4   | Noticed a five-headed hydra
 21985 | Lair:4   | Noticed a five-headed hydra
 22007 | Lair:4   | Killed a five-headed hydra
 22145 | Lair:4   | Reached skill level 5 in Transmutations
 23005 | Lair:4   | Reached XP level 13. HP: 86/86 MP: 24/27
 23071 | Lair:4   | Found a runed translucent gate.
 23072 | Lair:4   | Found a runed translucent gate.
 23072 | Lair:4   | Found a runed translucent gate.
 23405 | Lair:4   | Found a staircase to the Swamp.
 23879 | Lair:5   | Found a viscous altar of Jiyva.
 23880 | Lair:5   | Found a staircase to the Slime Pits.
 24493 | Lair:5   | Got a pitted short sword
 24494 | Lair:5   | Identified the +6 short sword of Frustration {pain, *Noise
                  | rC+ Str+2 SInv} (You found it on level 5 of the Lair of
                  | Beasts)
 24502 | Lair:6   | Entered Level 6 of the Lair of Beasts
 24831 | Lair:6   | Learned a level 3 spell: Vampiric Draining
 24949 | Lair:6   | Reached skill level 1 in Necromancy
 25578 | Lair:5   | Learned a level 6 spell: Iron Shot
 26285 | Lair:6   | HP: 17/86 [death yak (19)]
 26302 | Lair:6   | HP: 9/86 [death yak (19)]
 26318 | Lair:6   | HP: 26/86 [death yak (21)]
 26319 | Lair:6   | HP: 5/86 [death yak (21)]
 26321 | Lair:6   | Slain by a death yak

Illustrated notes

Levels and vault maps discovered:
D:1:      roderic_chinese_lattice_arrival, layout_basic, minmay_pentomino_x4
D:2:      layout_basic, kennysheep_decorative_pillar, chequers_avenue,
          minmay_misc_feat_cross, hangedman_decor_points, grunt_qazlal_clouds
D:3:      layout_rooms, uniq_terence
D:4:      layout_loops_ring, uniq_menkaure, uniq_eustachio, uniq_edmund
D:5:      layout_layer_cave, st_stairs_7, uniq_blork_the_orc,
          uniq_prince_ribbit1
D:6:      layout_basic, temple_pool_b, serial_curves, eino_curves_04,
          eino_curves_02, cheibrodos_sewer_entry_drain, uniq_sigmund
D:7:      layout_basic, st_stairs_14, nrook_loot_triangle, fedhas_altar_1
D:8:      layout_cave_pools, nicolae_overflow_crystal_walls, grunt_decor_cap,
          nicolae_gozag_cash_rules_everything_around_me
D:9:      layout_basic, serial_shops, shop_coins, uniq_maurice
D:10:     layout_loops_cross, orc_0_dummy, enter_bailey_4, serial_shops, shop,
          amcnicky_mini_pool_small, uniq_urug, uniq_nergalle
D:11:     layout_layer_cave, erik_lair_dragon, serial_shops, shop_fountains,
          grunt_decor_arrowhead, onia_ninara_dug_in_and_dangerous, uniq_sonja
D:12:     layout_roguey
D:13:     layout_basic, grunt_vaults_entry_tiered, serial_shops, shop,
          minmay_guarded_unrand_skullcrusher, uniq_azrael
Lair:1:   layout_cave_pods, basic_altar, serial_bayou_shore_b,
          grunt_megastairs_4, serial_bayou_shore_a
Lair:2:   layout_loops_ring, serial_bayou, serial_bayou_pond_a,
          serial_bayou_crossing, serial_bayou_lake_a, serial_bayou_shore_b,
          serial_bayou_pond_e, kennysheep_abandoned_house
Lair:3:   wander_river, layout_long_grid, nicolae_spider_entry_orb_guardian
Lair:4:   layout_regular_city, palyth_hydra_swamp_entry, gammafunk_ghost_split,
          beast_lair_carwin_11
Lair:5:   layout_cellular_growth, dpeg_slime_entry_enclosed_altar
Lair:6:   due_jungle_book, layout_gridlike, nicolae_quartered_pool_super,
          minivault_26

Skill      XL: |  1  2  3  4  5  6  7  8  9 10 11 12 13 |
---------------+----------------------------------------+-----
Earth Magic    | 3 5 6 7 9 10 13 | 13.4
Spellcasting   | 3 6 7 8 |  8.0
Hexes          | 4 |  4.4
Shields        | 3 4 |  4.0
Evocations     | 4 |  4.0
Maces & Flails | 7 8 |  8.4
Conjurations   | 5 |  5.7
Dodging        | 4 |  4.3
Transmutations | 6 9 |  9.0
Necromancy     | 2 |  2.5
Fighting       | |  0.1
Stealth        | |  1.7

Action                   |  1- 3 |  4- 6 |  7- 9 | 10-12 | 13-15 || total
-------------------------+-------+-------+-------+-------+-------++-------
Melee: Dagger            |     9 |    31 |       |       |       ||    40
       Unarmed           |     5 |       |       |       |       ||     5
       Flail             |       |     5 |    84 |    93 |       ||   182
       Trident           |       |       |       |     9 |     2 ||    11
 Cast: Sandblast         |    49 |    71 |   116 |   138 |   133 ||   507
       Stone Arrow       |       |     1 |    60 |   225 |    29 ||   315
       Lee's Rapid Decon |       |       |    14 |    69 |    10 ||    93
       Corona            |       |       |     4 |     6 |       ||    10
       Ensorcelled Hiber |       |       |       |     9 |       ||     9
       Petrify           |       |       |       |     9 |     1 ||    10
       Tukima's Dance    |       |       |       |     1 |       ||     1
       Iron Shot         |       |       |       |       |    10 ||    10
       Vampiric Draining |       |       |       |       |     2 ||     2
 Abil: Evoke Flight      |       |       |       |     5 |       ||     5
       Stop Flying       |       |       |       |     4 |       ||     4
Evoke: Wand              |       |       |       |     7 |     1 ||     8
       Lightning rod     |       |       |       |     2 |       ||     2
       Condenser vane    |       |       |       |     1 |       ||     1
  Use: Scroll            |       |       |     8 |    20 |     5 ||    33
       Potion            |       |       |       |     2 |     2 ||     4
 Stab: Sleeping          |       |     1 |       |     1 |       ||     2
       Distracted        |       |       |     1 |       |       ||     1
Armor: Robe              |     8 |    11 |    55 |     4 |       ||    78
       Steam dragon scal |       |       |       |    79 |    37 ||   116
Dodge: Dodged            |    20 |    33 |   113 |   114 |    57 ||   337
Block: Buckler           |       |       |       |    91 |    35 ||   126
